 Dungeon Crawl Stone Soup version 0.25.1-2-g60ff931df9 (webtiles) character file.

Game seed: 9678453713539232651

70130 gruber the Black Belt (level 15, -12/101 HPs)
             Began as an Octopode Transmuter on Nov 21, 2020.
             Was a High Priest of Sif Muna.
             Mangled by a fire giant
             ... wielding a +2 great sword of flaming
              (31 damage)
             ... on level 15 of the Dungeon.
             The game lasted 00:42:28 (27590 turns).

gruber the Black Belt (Octopode Transmuter)        Turns: 27590, Time: 00:42:29

Health: -12/101    AC:  7    Str: 15    XL:     15   Next: 32%
Magic:  21/25      EV: 22    Int: 32    God:    Sif Muna [*****.]
Gold:   2723       SH:  0    Dex: 21    Spells: 8/28 levels left

rFire    . . .     SeeInvis +     - Unarmed
rCold    . . .     Gourm    .   (shield currently unavailable)
rNeg     . . .     Faith    .   h - +2 hat
rPois    .         Spirit   .   F - amulet of regeneration
rElec    .         Reflect  .   s - +6 ring of intelligence
rCorr    .         Harm     .   (no ring)
MR       +....                  G - +6 ring of strength
Stlth    +++++.....             O - ring of see invisible
HPRegen  0.66/turn              Q - ring of wizardry
MPRegen  0.19/turn              P - +6 ring of intelligence
                                L - +6 ring of dexterity
                                T - +4 ring of protection

@: blade tentacles
A: almost no armour, stealthy swim, amphibious, 8 rings, constrict 8, camouflage
1, gelatinous body 1
a: End Transformation, Channel Magic, Forget Spell, Divine Exegesis, Renounce
Religion


You were on level 15 of the Dungeon.
You worshipped Sif Muna.
Sif Muna was extremely pleased with you.
You were not hungry.
You had blades for tentacles.
You visited 4 branches of the dungeon, and saw 24 of its levels.
You also visited: Ossuary and Bailey.

You collected 2723 gold pieces.

Inventory:

Missiles
 a - 541 arrows
Armour
 h - a +2 hat (worn)
 V - the +0 buckler of Eternal Night {*Contam rC++ rCorr Slay+2}
   (You found it on level 13 of the Dungeon)

   It affects your accuracy and damage with ranged weapons and melee attacks
   (+2).
   It greatly protects you from cold.
   It causes magical contamination when unequipped.
   It provides partial protection from all sources of acid and corrosion.
Jewellery
 p - an uncursed ring of fire
 s - a +6 ring of intelligence (left scythe-like blade)
 F - an amulet of regeneration (around mantle)
 G - a +6 ring of strength (on tentacle)
 I - an uncursed ring of ice
 L - a +6 ring of dexterity (on tentacle)
 O - a ring of see invisible (on tentacle)
 P - a +6 ring of intelligence (on tentacle)
 Q - a ring of wizardry (on tentacle)
 T - a +4 ring of protection (on tentacle)
 Y - an uncursed ring of ice
Wands
 u - a wand of polymorph (14)
 v - a wand of disintegration (16)
 D - a wand of iceblast (29)
 K - a wand of flame (43)
 N - a wand of acid (6)
 X - a wand of clouds (2)
 Z - a wand of enslavement (9)
Scrolls
 d - a scroll of torment {unknown}
 g - 2 scrolls of fog {unknown}
 k - 4 scrolls of magic mapping {unknown}
 n - 3 scrolls of noise {unknown}
 o - 4 scrolls of teleportation
 q - 9 scrolls of amnesia
 r - 7 scrolls of enchant weapon {unknown}
 x - 2 scrolls of random uselessness {unknown}
 y - 15 scrolls of remove curse
 B - 2 scrolls of acquirement {unknown}
 C - a scroll of identify
 H - 5 scrolls of blinking {unknown}
 J - 3 scrolls of immolation {unknown}
 M - 2 scrolls of fear {unknown}
 U - a scroll of summoning {unknown}
 W - 2 scrolls of enchant armour {unknown}
Potions
 b - 4 potions of lignification
 e - 10 potions of curing
 f - 6 potions of invisibility
 i - 2 potions of heal wounds
 l - 2 potions of cancellation
 m - 3 potions of might {unknown}
 t - 5 potions of stabbing {unknown}
 w - 5 potions of brilliance {unknown}
 z - 2 potions of magic {unknown}
 A - 2 potions of resistance
 E - a potion of flight
 R - a potion of berserk rage {unknown}
 S - 2 potions of haste {unknown}
Comestibles
 c - 50 rations
 j - 7 chunks of flesh


   Skills:
 - Level 9.0 Fighting
 - Level 10.0 Dodging
 - Level 6.4 Stealth
 - Level 16.3 Unarmed Combat
 - Level 7.2 Spellcasting
 * Level 11.2 Transmutations
 - Level 7.6 Ice Magic
 - Level 4.2 Poison Magic


You had 8 spell levels left.
You knew the following spells:

 Your Spells              Type           Power        Failure   Level  Hunger
a - Hydra Form            Tmut           ######....   16%         6    ######.
b - Sticks to Snakes      Tmut           ######..     2%          2    None
c - Spider Form           Tmut/Pois      ######....   4%          3    None
d - Ice Form              Ice/Tmut       ######..     6%          4    #......
e - Blade Hands           Tmut           ######....   6%          5    ####...

Your spell library contained the following spells:

 Spells                   Type           Power        Failure   Level  Hunger
 Beastly Appendage        Tmut           ######       2%          1    None
 Sting                    Tmut/Pois      ####         3%          1    None
 Passwall                 Tmut/Erth      #####...     5%          2    None
 Poisonous Vapours        Pois/Air       ####..       10%         2    None
 Foxfire                  Conj/Fire      ##..         12%         1    None
 Magic Dart               Conj           ##..         12%         1    None
 Sandblast                Erth           ##....       12%         1    None
 Summon Butterflies       Summ           ##......     12%         1    None
 Petrify                  Tmut/Erth      #####...     12%         4    #......
 Alistair's Intoxication  Tmut/Pois      ######..     13%         5    ####...
 Searing Ray              Conj           ##....       16%         2    None
 Summon Ice Beast         Ice/Summ       #####...     19%         4    #......
 Yara's Violent Unravell  Hex/Tmut       #####.....   21%         5    ####...
 Call Canine Familiar     Summ           ##......     22%         3    None
 Confusing Touch          Hex            ##......     22%         3    None
 Conjure Flame            Conj/Fire      ##......     22%         3    None
 Dazzling Flash           Conj/Hex       ##....       22%         3    None
 Gell's Gravitas          Tloc           ##........   22%         3    None
 Stone Arrow              Conj/Erth      ##....       22%         3    None
 Metabolic Englaciation   Hex/Ice        #####.....   34%         5    ####...
 Dragon Form              Tmut           ######....   41%         7    #######
 Animate Dead             Necr           N/A          45%         4    #......
 Cause Fear               Hex            ##........   45%         4    #......
 Dispel Undead            Necr           ##......     45%         4    #......
 Fulminant Prism          Conj/Hex       ##........   45%         4    #......
 Iskenderun's Mystic Bla  Conj/Tloc      ##......     45%         4    #......
 Statue Form              Tmut/Erth      #####....    56%         6    ######.
 Lee's Rapid Deconstruct  Erth           ##........   73%         5    ####...
 Lightning Bolt           Conj/Air       ##........   73%         5    ####...
 Silence                  Hex/Air        ##........   73%         5    ####...
 Summon Mana Viper        Hex/Summ       ##......     73%         5    ####...
 Death Channel            Necr           ##........   99%         6    ######.
 Summon Hydra             Summ           ##........   100%        7    #######
 Borgnjor's Revivificati  Necr           ##........   100%        8    #######
 Dragon's Call            Summ           ##........   100%        9    #######


Dungeon Overview and Level Annotations

Branches:
Dungeon (15/15)            Temple (1/1) D:5            Lair (6/6) D:10
  Swamp (0/4) Lair:2        Snake (0/4) Lair:4        Slime (0/5) Lair:6
    Orc (2/2) D:10         Vaults (0/5) D:14         Depths (0/5) D:15
Ossuary (visited)          Bailey (visited)
    Elf: Orc:2

Altars:
Ashenzari
Cheibriados
Dithmenos
Elyvilon
Fedhas
Gozag
Hepliaklqana
Kikubaaqudgha
Makhleb
Nemelex Xobeh
Okawaru
Qazlal
Ru
Sif Muna
Trog
Uskayaw
Vehumet
Wu Jian
Xom
Yredelemnul
Zin
The Shining One
Beogh

Shops:
D:11 :   D:12 =   D:14 }(((:   Orc:1 [

Annotations:
D:12 1 runed translucent door, Xutros's ghost, journeyman FoFi
Lair:3 exclusion: oklob plant
Lair:4 1 exclusion
Lair:6 exclusion: 2 oklob plants


Innate Abilities, Weirdness & Mutations

You cannot wear most types of armour.
You are very stealthy in the water. (Stealth+)
You are amphibious.
You can wear up to eight rings at the same time.
You can use your tentacles to constrict eight enemies at once.
Your skin changes colour to match your surroundings (Stealth+).
Your rubbery body absorbs attacks. (AC +1, EV +1)


Message History

Unknown command.
Unknown command.
A crimson imp comes into view.
The crimson imp shouts!
You slash the fire giant! You squeeze the fire giant.
The fire giant is lightly wounded.
The fire giant hits you with a +2 great sword of flaming!
The fire giant burns you.
The crimson imp blinks!
You slash the fire giant! x2; You squeeze the fire giant.
The fire giant is moderately wounded.
The fire giant hits you with a +2 great sword of flaming!
* * * LOW HITPOINT WARNING * * *
The fire giant burns you.
* * * LOW HITPOINT WARNING * * *
You slice the fire giant!! You slash the fire giant.
The fire giant is severely wounded.
You slice the fire giant!! You squeeze the fire giant.
The fire giant is almost dead.
The fire giant hits you with a +2 great sword of flaming!!
You die...

#..
#§...§≈.....≈≈....
.'..
#...≈#§≈.>.≈§#≈§.#
..#..
##...§§.....≈§..#
....#.
#...≈≈≈≈.≈.≈≈§≈.#
......
#....≈#≈≈≈≈§#§..##
###..
#..5≈§≈§#≈§≈≈(.?#
.....
#...≈.≈§§.....#
..#. #.C@........#
##.^
###..[.##...##
.#... #.....#....#
..... #.....#....#
..... ##...##.<.##
###.. ###'#######
##..
#.........#.......
#.........'.......
#....##..###..# #.


You could see a fire giant and a crimson imp.

Vanquished Creatures
  Rupert (D:14)
  4 hydras
  Fannar (Lair:3)
  2 centaur warriors (D:15)
  3 catoblepae (Lair:6)
  2 death yaks (Lair:6)
  2 two-headed ogres
  Urug (D:14)
  A spriggan (Lair:4)
  A skeletal warrior (D:15)
  2 unseen horrors (D:15)
  A wizard (D:15)
  10 ugly things
  4 cyclopes
  2 deep elf magi (D:15)
  2 orc sorcerers (Orc:1)
  4 manticores
  9 elephants
  4 black mambas
  7 spiny frogs
  2 gargoyles (D:10)
  A kobold demonologist (D:12)
  A rime drake (Lair:6)
  4 komodo dragons
  An efreet (D:15)
  A yaktaur (shapeshifter) (D:13)
  4 trolls
  A freezing wraith (D:14)
  3 meliai (D:15)
  A harpy zombie (D:15)
  Prince Ribbit (D:7)
  Grinder (D:3)
  2 tyrant leeches (Lair:6)
  4 hornets
  16 blink frogs
  14 hippogriffs
  A shadow (D:15)
  3 wyverns
  23 yaks
  2 wraiths
  4 hungry ghosts
  17 humans
  7 basilisks
  2 vampire mosquitoes (D:12)
  3 wargs
  3 swamp worms (Lair:6)
  An acid dragon (D:11)
  A soldier ant (D:8)
  10 water moccasins
  8 porcupines
  Duvessa (D:6)
  A sky beast (D:12)
  A swamp drake (Lair:2)
  11 orc warriors
  3 black bears (D:8)
  5 ice beasts
  18 centaurs
  12 ogres
  29 wolves
  A necrophage (D:8)
  14 crocodiles
  An elf zombie (Ossuary)
  2 big kobolds
  19 bullfrogs
  Dowan (D:5)
  A wyvern skeleton (D:13)
  5 scorpions
  13 killer bees
  3 spriggan skeletons (D:12)
  16 wights
  9 howler monkeys
  5 electric eels
  5 crimson imps
  3 bullfrog zombies
  4 centaur zombies
  A quasit (D:12)
  5 hounds
  3 human zombies (Ossuary)
  6 jellies
  8 centaur skeletons
  12 orc priests
  21 orc wizards
  3 bullfrog skeletons
  Jessica (D:3)
  8 iguanas
  Terence (D:2)
  7 hell rats (Lair:5)
  14 worker ants
  2 big kobold zombies (Ossuary)
  A hound zombie (Ossuary)
  A hound skeleton (D:8)
  3 mummies (Ossuary)
  A worker ant zombie (D:11)
  Robin (D:3)
  11 gnolls
  24 adders
  2 shadow imps
  2 adder skeletons
  7 adder zombies
  3 worms
  2 dart slugs (D:2)
  3 leopard geckos
  60 orcs
  3 ball pythons
  8 giant cockroaches
  16 hobgoblins
  7 jackals
  5 quokkas
  11 bats
  12 frilled lizards
  A gnoll zombie (Ossuary)
  16 goblins
  6 goblin zombies (Ossuary)
  3 hobgoblin zombies (Ossuary)
  4 jackal zombies (Ossuary)
  31 kobolds
  A kobold zombie (Ossuary)
  2 orc zombies (Ossuary)
  A quokka skeleton (D:6)
  5 quokka zombies (Ossuary)
  12 rats
  2 rat zombies (Ossuary)
  3 fungi
  A plant (Lair:6)
751 creatures vanquished.

Vanquished Creatures (collateral kills)
  Gastronok (D:9)
  A centaur warrior (D:14)
  2 death yaks (Lair:6)
  Sonja (D:13)
  An ugly thing (D:15)
  Maurice (Orc:1)
  2 yaks (Lair:6)
  An orc warrior (Orc:1)
  A scorpion (D:14)
  3 orcs
  A jackal zombie (Ossuary)
15 creatures vanquished.

Vanquished Creatures (others)
  A phantom (D:4)
  An orc (D:8)
  A frilled lizard (D:4)
  10 fungi
  5 plants
18 creatures vanquished.

Grand Total: 784 creatures vanquished

Notes
Turn   | Place    | Note
-------+----------+-------------------------------------------
     0 | D:1      | gruber the Octopode Transmuter began the quest for the Orb.
     0 | D:1      | Reached XP level 1. HP: 13/13 MP: 3/3
   383 | D:1      | Reached XP level 2. HP: 11/18 MP: 5/5
   668 | D:2      | Reached skill level 4 in Unarmed Combat
   704 | D:1      | Learned a level 2 spell: Sticks to Snakes
   938 | D:2      | Reached XP level 3. HP: 21/23 MP: 4/6
  1023 | D:2      | Found a faded altar of an unknown god.
  1122 | D:2      | Noticed Terence
  1130 | D:2      | Killed Terence
  1130 | D:2      | Reached XP level 4. HP: 19/28 MP: 3/7
  1440 | D:2      | Reached skill level 5 in Unarmed Combat
  1997 | D:2      | Reached XP level 5. HP: 33/33 MP: 8/8
  2275 | D:3      | Found a glowing golden altar of the Shining One.
  2375 | D:2      | Learned a level 3 spell: Spider Form
  2633 | D:3      | Reached XP level 6. HP: 32/38 MP: 5/9
  2637 | D:3      | Noticed Jessica
  2646 | D:3      | Killed Jessica
  2791 | D:3      | Reached skill level 6 in Unarmed Combat
  3099 | D:3      | Noticed Robin
  3128 | D:3      | Killed Robin
  3128 | D:3      | Reached skill level 1 in Poison Magic
  3450 | D:3      | Noticed Grinder
  3490 | D:3      | Killed Grinder
  3490 | D:3      | Reached XP level 7. HP: 22/43 MP: 1/10
  4708 | D:4      | Reached XP level 8. HP: 48/48 MP: 10/14
  5333 | D:5      | Entered Level 5 of the Dungeon
  5344 | D:5      | Found a sand-covered staircase.
  5350 | Ossuary  | Entered an ossuary
  5482 | Ossuary  | Reached skill level 7 in Unarmed Combat
  6443 | Ossuary  | Reached skill level 8 in Unarmed Combat
  6511 | D:5      | Found a sacrificial altar of Ru.
  6630 | D:5      | Found a staircase to the Ecumenical Temple.
  6791 | Temple   | Entered the Ecumenical Temple
  6830 | Temple   | Became a worshipper of Sif Muna the Loreminder
  7241 | D:5      | Reached skill level 9 in Unarmed Combat
  7774 | D:5      | Found a shimmering altar of Xom.
  7893 | D:6      | Noticed Dowan
  7894 | D:6      | Noticed Duvessa
  7918 | D:6      | Killed Duvessa
  7918 | D:6      | Reached XP level 9. HP: 31/55 MP: 15/15
  8182 | D:5      | Killed Dowan
  9153 | D:6      | Reached * piety under Sif Muna
  9185 | D:6      | Learned a level 4 spell: Ice Form
  9330 | D:6      | Reached skill level 5 in Fighting
  9394 | D:6      | Found an iron altar of Okawaru.
  9715 | D:7      | Reached skill level 1 in Ice Magic
  9921 | D:7      | Noticed Prince Ribbit
  9937 | D:7      | Killed Prince Ribbit
 10494 | D:8      | Found a flagged portal.
 10494 | D:8      | Noticed a cyclops
 10600 | D:8      | Reached skill level 5 in Ice Magic
 10699 | D:8      | Noticed a two-headed ogre
 10712 | D:8      | Killed a two-headed ogre
 10712 | D:8      | Reached XP level 10. HP: 54/66 MP: 9/16
 10849 | D:8      | Reached ** piety under Sif Muna
 10913 | Bailey   | Entered a bailey
 10935 | Bailey   | Reached skill level 5 in Transmutations
 11459 | D:8      | Killed a cyclops
 11884 | D:8      | Reached *** piety under Sif Muna
 11891 | D:8      | Paralysed by a hornet for 2 turns
 12281 | D:8      | Found a sparkling altar of Nemelex Xobeh.
 12628 | D:9      | Found a burning altar of Makhleb.
 12868 | D:9      | Reached XP level 11. HP: 53/71 MP: 14/17
 12961 | D:9      | Noticed Gastronok
 12993 | D:9      | Killed Gastronok
 13254 | D:9      | Found an opulent altar of Gozag.
 13259 | D:9      | Reached **** piety under Sif Muna
 13545 | D:10     | Entered Level 10 of the Dungeon
 13765 | D:10     | Found a staircase to the Orcish Mines.
 13875 | D:10     | Reached skill level 10 in Unarmed Combat
 14096 | D:10     | Found a basalt altar of Yredelemnul.
 14404 | D:10     | Found a staircase to the Lair.
 14419 | D:10     | Reached ***** piety under Sif Muna
 14546 | D:10     | Received a gift from Sif Muna
 14546 | D:10     | Reached skill level 11 in Unarmed Combat
 14683 | D:11     | Found Leal's Book Shop.
 14717 | D:11     | Learned a level 5 spell: Blade Hands
 14819 | D:12     | Found a runed translucent door.
 14821 | D:12     | Noticed Xutros's ghost (journeyman FoFi)
 14947 | D:12     | HP: 2/71 [electric eel/bolt of electricity (16)]
 15048 | D:11     | Noticed a manticore
 15052 | D:11     | Killed a manticore
 15270 | D:11     | Reached XP level 12. HP: 72/77 MP: 16/18
 15338 | D:11     | Reached skill level 12 in Unarmed Combat
 15866 | D:12     | Found Dilini's Jewellery Boutique.
 16537 | D:13     | HP: 2/77 [wight/+4 short sword (7)]
 16695 | D:13     | Reached skill level 1 in Stealth
 16784 | D:13     | Got a brightly glowing buckler
 16833 | D:13     | Noticed Sonja
 16867 | D:13     | Killed Sonja
 17061 | Lair:1   | Entered Level 1 of the Lair of Beasts
 17266 | Lair:1   | Reached skill level 5 in Stealth
 17519 | Lair:1   | Noticed a four-headed hydra
 17548 | Lair:1   | Killed a four-headed hydra
 17549 | Lair:1   | Identified the +0 buckler of Eternal Night {*Contam rC++
                  | rCorr Slay+2} (You found it on level 13 of the Dungeon)
 18170 | Lair:2   | Found a staircase to the Swamp.
 18865 | Lair:2   | Received a gift from Sif Muna
 19266 | Lair:3   | Noticed Fannar
 19278 | Lair:3   | Killed Fannar
 19562 | Lair:3   | Reached XP level 13. HP: 83/90 MP: 16/19
 19675 | Lair:3   | You fall into a shaft and drop 2 floors!
 19687 | Lair:5   | Reached skill level 13 in Unarmed Combat
 19881 | Lair:4   | Found a staircase to the Snake Pit.
 19891 | Lair:4   | Reached skill level 5 in Spellcasting
 21703 | Lair:5   | Identified Vogyank's Catalogue of Shape Shifting and Earth
                  | (Sif Muna gifted it to you on level 5 of the Lair of
                  | Beasts)
 21703 | Lair:5   | Received a gift from Sif Muna
 21714 | Lair:5   | Learned a level 6 spell: Hydra Form
 21996 | Lair:6   | Entered Level 6 of the Lair of Beasts
 22691 | Lair:6   | Reached skill level 10 in Dodging
 22927 | Lair:6   | Reached XP level 14. HP: 97/97 MP: 22/24
 23002 | Lair:6   | Found a staircase to the Slime Pits.
 23397 | Lair:6   | Reached skill level 14 in Unarmed Combat
 24642 | Orc:1    | Entered Level 1 of the Orcish Mines
 24642 | Orc:1    | Noticed Maurice
 24725 | Orc:1    | Killed Maurice
 24791 | Orc:1    | Found Fuukiepp's Antique Armour Shoppe.
 24820 | Orc:1    | Found a roughly hewn altar of Beogh.
 24829 | Orc:1    | Reached skill level 15 in Unarmed Combat
 25184 | Orc:2    | Entered Level 2 of the Orcish Mines
 25436 | Orc:1    | Found a roughly hewn altar of Beogh.
 25796 | D:14     | Found a gate to the Vaults.
 25796 | D:14     | Noticed Urug
 25796 | D:14     | Noticed Rupert
 25929 | D:14     | Found Mosiobog's Weapon Emporium.
 26226 | D:14     | Killed Urug
 26229 | D:14     | Paralysed by Rupert for 3 turns
 26235 | D:14     | Killed Rupert
 26361 | D:14     | Found Zinuc's Gadget Shop.
 26362 | D:14     | Reached skill level 16 in Unarmed Combat
 26365 | D:14     | Identified Ehuxuc's Compendium of Stolen Souls and
                  | Contamination (Sif Muna gifted it to you on level 14 of the
                  | Dungeon)
 26365 | D:14     | Received a gift from Sif Muna
 26473 | D:14     | Found Baites's Antique Weapon Shoppe.
 26578 | D:14     | Found Wataodyts's Weapon Emporium.
 26740 | D:14     | Found Xarud's Book Shop.
 26850 | D:15     | Entered Level 15 of the Dungeon
 26871 | D:15     | Noticed a fire giant
 26884 | D:15     | Found a staircase to the Depths.
 26970 | D:15     | Reached XP level 15. HP: 101/101 MP: 20/25
 27099 | D:15     | Reached skill level 10 in Transmutations
 27420 | D:15     | Identified Vimpymah's Incunabulum of Scorching Flight (Sif
                  | Muna gifted it to you on level 15 of the Dungeon)
 27420 | D:15     | Received a gift from Sif Muna
 27590 | D:15     | Mangled by a fire giant

Illustrated notes

Levels and vault maps discovered:
D:1:      nzn_arrival_settlement, layout_basic
D:2:      minmay_chambers_of_twos, layout_loops_ring,
          chequers_ecumenical_altar_island, nrook_loot_triangle, uniq_terence
D:3:      layout_basic, tso_metal_star, first_ration, uniq_grinder, uniq_robin,
          uniq_jessica
D:4:      layout_basic, lemuel_another_geyser
D:5:      layout_basic, tgw_xom, temple_fountains, enter_ossuary_3,
          nicolae_ru_great_annihilating_truth
D:6:      layout_basic, okawaru_altar_gauntlet_db, supply_closet_lemuel,
          uniq_duvessa
D:7:      layout_basic, minivault_14, uniq_prince_ribbit1
D:8:      layout_basic, nemelex_xobeh_ov_fountains_minmay, enter_bailey_2,
          roderic_roman_lattice, hangedman_pestilent_swarm
D:9:      layout_basic, bloody_makhleb, kennysheep_little_box,
          minmay_liquid_box, uniq_gastronok
D:10:     layout_basic, david_lair_generic, erik_orc_4,
          yredelemnul_altar_generic
D:11:     layout_rooms, serial_shops, shop
D:12:     layout_basic, serial_shops, shop, gauntlet_entry_generic,
          ebering_ghost_reflecting_pool, moated_statue, hangedman_tell_no_tales
D:13:     layout_big_octagon, uniq_sonja
D:14:     layout_rooms, david_vaults_3, hangedman_abyss_or_decor_stagger,
          serial_shops, shop, shop, shop, shop, nicolae_shop_crystal
D:15:     grunt_enter_depths_giant_problem, layout_gridville,
          serial_park_square3 [serial_park_minivault_5x5_2]
Temple:   lightli_temple_of_artemis
Lair:1:   layout_regular_city, chequers_serial_rivers_large_a
Lair:2:   layout_small_grid, minmay_swamp_entry_reptiles, grunt_megastairs_1
Lair:3:   layout_cave_pods, minmay_lair_oklob_chamber, uniq_fannar
Lair:4:   layout_gridlike, minmay_snake_entry_six_corridors,
          grunt_forest_large_clearings, lemuel_fruit_tree
Lair:5:   layout_roguey
Lair:6:   evilmike_catoblepas_cave, layout_cave_pods,
          minmay_slime_entry_oklob_open, worms_lemuel
Orc:1:    layout_caves, basic_altar, serial_shops, shop, mines1_david,
          uniq_maurice
Orc:2:    kennysheep_orc_mage_school, layout_caves

Skill      XL: |  1  2  3  4  5  6  7  8  9 10 11 12 13 14 15 |
---------------+----------------------------------------------+-----
Unarmed Combat | 4 5 6 9 11 12 13 16 | 16.3
Transmutations | 4 8 9 11 | 11.2
Poison Magic   | 4 |  4.2
Spellcasting   | 4 7 |  7.2
Fighting       | 2 5 9 |  9.0
Ice Magic      | 7 |  7.6
Dodging        | 4 7 10 | 10.0
Stealth        | 6 |  6.4

Action                   |  1- 3 |  4- 6 |  7- 9 | 10-12 | 13-15 || total
-------------------------+-------+-------+-------+-------+-------++-------
Melee: Unarmed           |    55 |   156 |   410 |   712 |   688 ||  2021
       Constrict         |    16 |    29 |    49 |    42 |    19 ||   155
       Kick              |     9 |     9 |    20 |       |       ||    38
       Punch             |     1 |     1 |    12 |    25 |    19 ||    58
       Tentacles         |     5 |    16 |    44 |    64 |    33 ||   162
 Cast: Beastly Appendage |     9 |     9 |     8 |       |       ||    26
       Sticks to Snakes  |     1 |     8 |    10 |    15 |    38 ||    72
       Spider Form       |       |     7 |    29 |    20 |     1 ||    57
       Ice Form          |       |       |     1 |    24 |    20 ||    45
       Blade Hands       |       |       |       |    19 |     9 ||    28
       Hydra Form        |       |       |       |       |    40 ||    40
Evoke: Wand              |       |       |     2 |       |     1 ||     3
  Use: Scroll            |       |       |       |     9 |     4 ||    13
 Stab: Sleeping          |     4 |     4 |       |    11 |    12 ||    31
       Paralysed         |       |       |     1 |       |       ||     1
       Distracted        |       |       |       |     1 |     5 ||     6
  Eat: Chunk             |     1 |     8 |    14 |    34 |    12 ||    69
       Ration            |       |       |     3 |     2 |       ||     5
Armor: Skin              |     8 |    14 |    34 |   143 |   140 ||   339
Dodge: Dodged            |    31 |   116 |   245 |   598 |   413 ||  1403
